 Dungeon Crawl Stone Soup version 0.31-a0-149-g3fdcc5976a (webtiles) character file.

Game seed: 6744992633255065827

50483 jasper the Cruncher (level 14, -2/89 (90) HPs)
             Began as a Gargoyle Earth Elementalist on June 7, 2023.
             Was the Champion of Cheibriados.
             Slain by a two-headed ogre
             ... wielding a +0 giant spiked club
              (19 damage)
             ... on level 11 of the Dungeon.
             The game lasted 00:37:04 (21096 turns).

jasper the Cruncher (Gargoyle Earth Elementalist)  Turns: 21096, Time: 00:37:05

HP:   -2/89 (90)    AC: 24    Str: 29    XL:     14   Next: 55%
MP:   3/19          EV: 16    Int: 34    God:    Cheibriados [******]
Gold: 222           SH: 19    Dex: 25    Spells: 5/17 levels left

rFire   . . .        n - staff of earth
rCold   + . .        D - +0 kite shield
rNeg    + + .        X - +2 ring mail {rC+}
rPois   ∞            k - +1 hat
rElec   +            (no cloak)
rCorr   .            l - +2 pair of gloves
SInv    .            a - +0 pair of boots
Will    +....        f - amulet of reflection
Stlth   ++           O - ring of positive energy
HPRegen 0.34/turn    (no ring)
MPRegen 0.16/turn

%: reflection
@: on berserk cooldown, flying, slowed, studying Conjurations, lightly drained,
very slow
A: sickness immunity, AC +10, big wings, negative energy resistance 1,
electricity resistance, torment resistance 1, petrification resistance
a: Renounce Religion, Bend Time, Temporal Distortion, Slouch, Step From Time


You were on level 11 of the Dungeon.
You worshipped Cheibriados.
Cheibriados was exalted by your worship.
You visited 3 branches of the dungeon, and saw 19 of its levels.
You also visited: Bailey.

You collected 1102 gold pieces.
You spent 880 gold pieces at shops.

Inventory:

Hand Weapons
 I - a +1 demon whip of venom
Missiles
 m - 43 poisoned darts
 r - 3 boomerangs of dispersal
 s - 148 stones
 C - 17 boomerangs
 J - a curare-tipped dart
 Z - a throwing net
Armour
 a - a +0 pair of boots (worn)
 k - a +1 hat (worn)
 l - a +2 pair of gloves (worn)
 D - a +0 kite shield (worn)
 E - +0 steam dragon scales
 R - an orb of guile
 S - +0 acid dragon scales
 X - a +2 ring mail of cold resistance (worn)
Magical Staves
 n - a staff of earth (weapon)
 V - a staff of cold
Jewellery
 b - a ring of willpower
 f - an amulet of reflection (around neck)
 t - a ring of ice
 L - a ring of flight
 O - a ring of positive energy (left hand)
Wands
 o - a wand of flame (53)
 p - a wand of charming (21)
 N - a wand of iceblast (4)
 Q - a wand of polymorph (14)
 U - a wand of digging (4)
Scrolls
 i - 4 scrolls of poison
 j - 3 scrolls of immolation
 q - 3 scrolls of enchant armour
 u - a scroll of brand weapon
 w - 2 scrolls of magic mapping
 x - 3 scrolls of vulnerability
 y - a scroll of blinking
 z - 3 scrolls of identify
 B - 4 scrolls of teleportation
 H - a scroll of enchant weapon
 W - a scroll of amnesia
Potions
 c - 2 potions of haste
 d - 2 potions of berserk rage
 e - 2 potions of curing
 g - a potion of cancellation
 A - 3 potions of degeneration
 F - 2 potions of attraction
 G - 5 potions of enlightenment
 K - 2 potions of ambrosia
 M - a potion of invisibility
 P - a potion of mutation


   Skills:
 - Level 11.0 Fighting
 - Level 12.0 Staves
 - Level 8.1 Armour
 - Level 6.4 Dodging
 - Level 2.1 Stealth
 - Level 10.1 Shields
 - Level 2.0 Spellcasting
 + Level 10.0 Conjurations
 - Level 0.7 Transmutations
 + Level 10.3 Earth Magic
 - Level 7.7 Invocations
 - Level 5.2 Evocations


You had 5 spell levels left.
You knew the following spells:

 Your Spells              Type           Power      Damage    Failure   Level
a - Sandblast             Erth           100%       2d20      1%          1
b - Passwall              Tmut/Erth      48%        N/A       1%          2
c - Stone Arrow           Conj/Erth      100%       3d13      1%          3
d - Leda's Unmaking       Conj/Erth      41%        9d7       30%         6

Your spell library contained the following spells:

 Spells                   Type           Power      Damage    Failure   Level
 Kiss of Death            Conj/Necr      100%       2d13      1%          1
 Iskenderun's Battlesphe  Conj           64%        2d11      6%          5
 Apportation              Tloc           6%         N/A       13%         1
 Necrotise                Necr           12%        1d4       13%         1
 Summon Small Mammal      Summ           12%        N/A       13%         1
 Petrify                  Tmut/Erth      58%        N/A       14%         4
 Animate Armour           Summ/Erth      100%       N/A       16%         4
 Leda's Liquefaction      Hex/Erth       27%        N/A       16%         4
 Iskenderun's Mystic Bla  Conj/Tloc      37%        2d9       17%         4
 Sticky Flame             Conj/Fire      37%        2d6       17%         4
 Call Canine Familiar     Summ           3%         N/A       36%         3
 Confusing Touch          Hex            3%         N/A       36%         3
 Portal Projectile        Hex/Tloc       6%         N/A       36%         3
 Summon Guardian Golem    Hex/Summ       3%         N/A       36%         3
 Dispel Undead            Necr           3%         3d7       78%         4
 Orb of Destruction       Conj           32%        9d10      88%         7
 Starburst                Conj/Fire      18%        6d7       95%         6
 Spellforged Servitor     Conj/Summ      18%        N/A       100%        7
 Infestation              Necr           1%         N/A       100%        8
 Lehudib's Crystal Spear  Conj/Erth      41%        10d10     100%        8


Dungeon Overview and Level Annotations

Branches:
Dungeon (13/15)            Temple (1/1) D:4            Lair (5/5) D:11
 Shoals (0/4) Lair:3        Snake (0/4) Lair:2          Orc (0/2) D:11
 Bailey (visited)
  Slime: Lair:4-5    Vaults: D:13-14

Altars:
Ashenzari
Cheibriados
Dithmenos
Elyvilon
Fedhas
Gozag
Hepliaklqana
Kikubaaqudgha
Makhleb
Nemelex Xobeh
Okawaru
Qazlal
Ru
Sif Muna
Trog
Uskayaw
Vehumet
Wu Jian
Xom
Yredelemnul
Zin
The Shining One

Shops:
D:10 *   D:11 =

Annotations:
D:4 exclusion: statue
Lair:2 1 runed translucent door


Innate Abilities, Weirdness & Mutations

You are immune to sickness and miasma.
Your stone body is resilient. (AC +10)
You are immune to poison.
Your large and strong wings let you fly.
You resist negative energy. (rN+)
You are resistant to electric shocks. (rElec)
You are resistant to unholy torment.
You are immune to petrification.


Message History

You feel a strong urge to attack something.
You start resting.
You are no longer berserk.
You are exhausted.
You feel yourself slow down.
You now have 12/133 hp.
You start resting.
A two-headed ogre is nearby!
A two-headed ogre is nearby!
You feel better.
Your transformation is almost over.
You regained 8 hp, and now have 21/133 hp.
n - a staff of earth (weapon)
The two-headed ogre shouts in stereo!
Casting: Sandblast (safe; 1% risk of failure)
Confirm with . or Enter, or press ? or * to list all spells.
Aiming: Sandblast (safe; 1% risk of failure)
Press: ? - help, Shift-Dir - straight line, f - two-headed ogre
Aim: a two-headed ogre, wielding two +0 giant spiked clubs (93% to hit)
You feel a surge of power!
The blast of sand hits the two-headed ogre!!
The two-headed ogre is moderately wounded.
You feel less wooden.
Your +1 hat unmelds from your body.
Your +2 pair of gloves unmelds from your body.
Your +0 pair of boots unmelds from your body.
Your +2 ring mail of cold resistance unmelds from your body.
You feel resistant to cold.
You now have 17/89 hp.
Casting: Sandblast (safe; 1% risk of failure)
Confirm with . or Enter, or press ? or * to list all spells.
Aiming: Sandblast (safe; 1% risk of failure)
Press: ? - help, Shift-Dir - straight line, f/p - two-headed ogre
Aim: a two-headed ogre, wielding two +0 giant spiked clubs (moderately wounded, 93% to hit)
You feel a surge of power!
The blast of sand hits the two-headed ogre!!
The two-headed ogre is severely wounded.
The two-headed ogre misses you.
The two-headed ogre hits you with a +0 giant spiked club!!
You die...

### #### ####.#
#..###
#....#####..####
##..#.## ##....###
#..##.## ###.....
#.####.### ##....
##.# ##..## #.... ..#
#).# ##..###.... ..#
##@## ##..##.... #
#.# #.O# ##....... .#
##.# #..# ##......
..# #..# ##.##
##..... ...##..#
###..# ##.....
....#..#####....##
##..###.
#......##........###
##..## ##
#...........>###...##
###..## #
...........###
##...###....# #


You could see a two-headed ogre.

Vanquished Creatures
  A tengu reaver (D:11)
  A frost giant (D:11)
  A hydra (Lair:2)
  An ogre mage (D:11)
  Erolcha (D:9)
  3 centaur warriors
  A boulder beetle (Lair:2)
  6 death yaks
  3 two-headed ogres
  The ghost of timneilson the Blocker, a journeyman GrFi of Okawaru (D:10)
  3 skysharks
  Amaemon (D:8)
  A sixfirhy (D:8)
  An obsidian statue (D:10)
  A deep troll (D:10)
  A flayed ghost (D:11)
  The ghost of Darkkill the Shooter, a novice MiHu of Gozag (D:6)
  Pikel (D:8)
  A deep elf pyromancer (D:12)
  2 ugly things (D:11)
  4 cyclopes
  An elephant (Lair:2)
  3 black mambas
  Joseph (D:8)
  An orange demon (D:8)
  A gargoyle (D:11)
  10 cane toads
  A torpor snail (Lair:1)
  Psyche (D:9)
  5 unseen horrors (D:11)
  5 komodo dragons
  5 kobold demonologists (D:11)
  8 rime drakes (Lair:3)
  A tengu conjurer (D:11)
  6 trolls
  16 blink frogs
  7 dream sheep
  3 slime creatures (D:12)
  A centaur simulacrum (D:11)
  2 wyverns
  20 yaks
  A shadow (D:9)
  2 basilisks (Lair:3)
  11 steam dragons
  Grum (D:8)
  A vampire mosquito (D:11)
  4 nagas (Lair:2)
  2 acid dragons (D:10)
  14 water moccasins
  A sky beast (D:8)
  3 black bears
  6 orc warriors
  An ice beast (D:6)
  An ogre (D:7)
  12 wolves
  7 centaurs
  A lemure (D:8)
  3 kobold brigands
  9 bullfrogs
  4 scorpions
  2 gnoll sergeants
  10 wights
  4 killer bees (D:9)
  2 electric eels (D:4)
  2 howler monkeys (D:7)
  A gnoll bouda (D:4)
  2 hounds
  4 orc priests
  3 jellies (D:6)
  4 iguanas
  5 hell rats (Lair:4)
  8 orc wizards
  17 gnolls
  5 adders
  4 shadow imps (D:7)
  A white imp (D:7)
  2 ufetubi (D:6)
  4 worms
  A dart slug (D:3)
  28 orcs
  5 endoplasms
  A giant cockroach (D:3)
  9 goblins
  10 hobgoblins
  7 jackals
  23 kobolds
  3 quokkas
  4 ball pythons
  5 bats
  5 frilled lizards
  4 rats
403 creatures vanquished.

Vanquished Creatures (others)
  A rime drake (Lair:3)
1 creature vanquished.

Grand Total: 404 creatures vanquished

Notes
Turn   | Place    | Note
-------+----------+-------------------------------------------
     0 | D:1      | jasper the Gargoyle Earth Elementalist began the quest for
                  | the Orb.
     0 | D:1      | Reached XP level 1. HP: 10/10 MP: 3/3
   481 | D:1      | Reached XP level 2. HP: 15/15 MP: 3/5
   560 | D:1      | You fall into a shaft and drop 1 floor!
  1187 | D:2      | Found a faded altar of an unknown god.
  1350 | D:2      | Reached skill level 5 in Earth Magic
  1350 | D:2      | Reached XP level 3. HP: 16/19 MP: 0/6
  2058 | D:3      | Reached XP level 4. HP: 23/24 MP: 4/7
  2114 | D:3      | Found a glowing silver altar of Zin.
  2118 | D:3      | Learned a level 2 spell: Passwall
  2122 | D:3      | Learned a level 3 spell: Stone Arrow
  2468 | D:3      | Reached XP level 5. HP: 28/28 MP: 5/8
  2744 | D:4      | Noticed an orc warrior
  2777 | D:4      | Found a transporter.
  2779 | D:4      | Found a transporter.
  2818 | D:4      | Reached XP level 6. HP: 26/32 MP: 9/9
  2856 | D:4      | Found a staircase to the Ecumenical Temple.
  2868 | Temple   | Entered the Ecumenical Temple
  2897 | Temple   | Became a worshipper of Cheibriados the Contemplative
  2976 | D:4      | Reached skill level 1 in Conjurations
  3038 | D:5      | Entered Level 5 of the Dungeon
  3193 | D:5      | Reached XP level 7. HP: 12/36 MP: 4/10
  3577 | D:6      | Reached skill level 5 in Conjurations
  3585 | D:6      | Reached skill level 1 in Evocations
  3700 | D:6      | Found an ornate altar of the Wu Jian Council.
  3759 | D:6      | Reached * piety under Cheibriados
  3810 | D:6      | Reached XP level 8. HP: 41/41 MP: 9/11
  4110 | D:6      | Reached skill level 5 in Evocations
  4378 | D:6      | Reached skill level 1 in Fighting
  4378 | D:6      | Reached skill level 1 in Staves
  4383 | D:6      | Reached skill level 2 in Staves
  4532 | D:6      | Found a runed translucent door.
  4536 | D:6      | Noticed Darkkill's ghost (novice MiHu)
  4755 | D:7      | Found an iron altar of Okawaru.
  4847 | D:7      | Identified the +1 dagger "Cetidetaj" {vamp, rN+}
  4871 | D:7      | Reached skill level 3 in Staves
  4871 | D:7      | Reached XP level 9. HP: 48/48 MP: 6/12
  4875 | D:7      | Reached ** piety under Cheibriados
  5104 | D:7      | Reached skill level 4 in Staves
  5120 | D:7      | Found a sparkling altar of Nemelex Xobeh.
  5181 | D:7      | Found a hazy altar of Hepliaklqana.
  5444 | D:7      | Reached skill level 5 in Staves
  5820 | D:8      | Noticed Grum
  5830 | D:8      | Killed Grum
  5838 | D:8      | Reached skill level 6 in Staves
  5934 | D:8      | Found a basalt altar of Yredelemnul.
  6029 | D:8      | Reached *** piety under Cheibriados
  6119 | D:8      | Noticed Pikel
  6125 | D:8      | Killed Pikel
  6126 | D:8      | Reached skill level 5 in Fighting
  6126 | D:8      | Reached skill level 7 in Staves
  6148 | D:8      | Noticed Joseph
  6155 | D:8      | Killed Joseph
  6156 | D:8      | Reached XP level 10. HP: 30/60 MP: 8/13
  6469 | D:8      | Noticed a sixfirhy
  6474 | D:8      | Found a runed translucent door.
  6530 | D:8      | Noticed Amaemon
  6531 | D:8      | Noticed an orange demon
  6533 | D:8      | Reached skill level 8 in Staves
  6541 | D:8      | Killed Amaemon
  6547 | D:8      | Killed an orange demon
  7034 | D:9      | Noticed Erolcha
  7049 | D:9      | Reached skill level 9 in Staves
  7053 | D:10     | Entered Level 10 of the Dungeon
  7053 | D:10     | Found Zogater's Demolitions Depot.
  7206 | D:10     | Found a flagged portal.
  7231 | Bailey   | Entered a bailey
  7329 | Bailey   | Found the +7 mace of Variability {chaos, chaos arc}
  7350 | Bailey   | Identified the +1 great mace "Jogiyrph" {elec, +Blink rPois
                  | Int-4}
  7355 | Bailey   | Identified the +2 flail "Wimooh" {freeze, rElec rPois}
  7482 | Bailey   | Reached **** piety under Cheibriados
  8111 | D:10     | Reached skill level 10 in Staves
  8118 | D:10     | Noticed a two-headed ogre
  8122 | D:10     | Killed a two-headed ogre
  8295 | D:10     | Reached XP level 11. HP: 65/67 MP: 11/14
  8297 | D:10     | Reached skill level 11 in Staves
  8537 | D:10     | Found a runed translucent gate.
  8540 | D:10     | Found a runed translucent gate.
  8540 | D:10     | Found an opulent altar of Gozag.
  8540 | D:10     | Noticed an obsidian statue
  8541 | D:10     | Found a runed translucent gate.
  8806 | D:10     | Noticed timneilson's ghost (journeyman GrFi)
  8806 | D:10     | Noticed a cyclops
  8812 | D:10     | Noticed a sun demon
  9157 | D:11     | Noticed a green ugly thing
  9441 | D:11     | Reached skill level 12 in Staves
  9441 | D:11     | Reached skill level 1 in Invocations
  9585 | D:11     | Found a staircase to the Orcish Mines.
  9620 | D:11     | Found a staircase to the Lair.
  9676 | Lair:1   | Entered Level 1 of the Lair of Beasts
  9990 | Lair:1   | Reached ***** piety under Cheibriados
 10161 | Lair:1   | Noticed a death yak
 10175 | Lair:1   | Killed a death yak
 10176 | Lair:1   | Reached skill level 5 in Invocations
 11290 | Lair:2   | Reached skill level 1 in Shields
 11355 | Lair:2   | Reached XP level 12. HP: 60/72 MP: 6/17
 11611 | Lair:2   | Noticed a skyshark
 11612 | Lair:2   | Noticed a boulder beetle
 11620 | Lair:2   | Killed a skyshark
 11621 | Lair:2   | Reached skill level 5 in Shields
 11654 | Lair:2   | Killed a boulder beetle
 11869 | Lair:2   | Noticed a six-headed hydra
 11875 | Lair:2   | Killed a six-headed hydra
 12014 | Lair:2   | Found a staircase to the Snake Pit.
 12507 | Lair:2   | Found a runed translucent door.
 12676 | Lair:3   | Noticed a skyshark
 12770 | Lair:3   | Reached skill level 10 in Shields
 12826 | Lair:3   | Found a staircase to the Shoals.
 12838 | Lair:3   | Learned a level 6 spell: Leda's Unmaking
 12854 | Lair:3   | Reached skill level 1 in Armour
 13011 | Lair:3   | Reached XP level 13. HP: 63/78 MP: 5/18
 13890 | Lair:3   | Reached skill level 5 in Armour
 14460 | Lair:4   | Reached ****** piety under Cheibriados
 14609 | Lair:4   | Reached skill level 5 in Dodging
 14999 | Lair:4   | Got the Spellbook of Maleficent Rites and the Blaze
 15460 | Lair:5   | Entered Level 5 of the Lair of Beasts
 15851 | D:4      | Found a radiant altar of Vehumet.
 16012 | D:4      | Found an opulent altar of Gozag.
 16547 | D:6      | Killed Darkkill's ghost
 16764 | D:8      | Reached skill level 10 in Fighting
 16876 | D:9      | Killed Erolcha
 17124 | D:9      | Found a white marble altar of Elyvilon.
 17210 | D:9      | Found an ancient bone altar of Kikubaaqudgha.
 17464 | D:9      | Noticed Psyche
 17467 | D:9      | Killed Psyche
 17572 | D:9      | Found a stormy altar of Qazlal.
 18084 | D:11     | Gained mutation: Your large and strong wings let you fly.
                  | [Gargoyle growth]
 18084 | D:11     | Reached XP level 14. HP: 71/88 MP: 12/19
 18284 | D:11     | Found Astum's Jewellery Shoppe.
 18386 | D:10     | Bought a manual of Conjurations for 880 gold pieces
 18474 | D:10     | Killed timneilson's ghost
 18820 | D:11     | Noticed a tengu reaver
 19013 | D:12     | Got Doba's Compilation of the Geodesic
 20490 | D:11     | Noticed a frost giant
 20529 | D:11     | Killed a frost giant
 20530 | D:11     | Reached skill level 10 in Earth Magic
 21083 | D:11     | Killed a tengu reaver
 21084 | D:11     | Reached skill level 10 in Conjurations
 21096 | D:11     | Slain by a two-headed ogre

Illustrated notes

Levels and vault maps discovered:
D:1:      pf_arrival_petrified_forest, layout_basic
D:2:      layout_basic, ebering_ecumenical_altar_hall
D:3:      layout_rooms, zin_scriptorium
D:4:      gammafunk_steamed_eel, layout_basic,
          mainiacjoe_overflow_small_starburst, vehumet_statue,
          minmay_temple_entry_mist
D:5:      layout_rooms
D:6:      layout_loops_cross, nzn_wu_jian_contemplation,
          ebering_ghost_reflecting_pool, minivault_5
D:7:      layout_loops_ring, nemelex_dance_club_becter,
          mainiacjoe_overflow_six_doors_small, okawaru_trees_2
D:8:      cheibrodos_shockbox, layout_loops_corners,
          mainiacjoe_overflow_tiny_flanked, uniq_grum, uniq_joseph, uniq_pikel,
          uniq_amaemon
D:9:      layout_rooms, mainiacjoe_overflow_cross_hatched,
          nicolae_qazlal_eye_of_the_storm, lemuel_crystal_altar,
          chequers_serial_rivers_micro_a, amcnicky_mini_corridor_feature,
          uniq_psyche, uniq_erolcha
D:10:     dreamdust_cave_troll, layout_basic, enter_bailey_5,
          ebering_ghost_gozag, minmay_stone_trees_large, nicolae_blasting_shop,
          lemuel_flamethrower_1
D:11:     minmay_complete_graph, layout_layer_cave, orc_0_dummy,
          minmay_shop_enchanted_jewellery
D:12:     layout_stronghold, serial_column_ruins, column_ruins_hut,
          column_ruins_open_small, column_ruins_columns_corner,
          column_ruins_columns_straight, onia_ninara_dug_in_and_dangerous
D:13:     layout_long_grid, erik_vaults_2, minmay_between
Temple:   nicolae_temple_ecumenical_triangle
Lair:1:   layout_cave_pods
Lair:2:   gammafunk_lair_enchanted_lake, layout_misc_corridors,
          minmay_snake_entry_guardpost_small, nicolae_quartered_pool_little
Lair:3:   layout_chaotic_city, shoals_dummy_entry, st_stairs_10,
          bobbens_dragon_lair_wall, serial_bayou_shore_b, grunt_megastairs_2
Lair:4:   layout_cave_pods, minivault_25, chequers_serial_rivers_small_3
Lair:5:   minmay_lair_end_frog_pond, layout_cave_shapes,
          nicolae_slime_entry_field_trip

Skill      XL: |  1  2  3  4  5  6  7  8  9 10 11 12 13 14 |
---------------+-------------------------------------------+-----
Earth Magic    | 4 5 6 8 10 | 10.3
Conjurations   | 3 6 10 | 10.0
Evocations     | 1 5 |  5.2
Fighting       | 2 5 7 8 10 11 | 11.0
Staves         | 3 7 10 12 | 12.0
Invocations    | 7 |  7.7
Shields        | 4 10 | 10.1
Armour         | 3 7 8 |  8.1
Dodging        | 3 6 |  6.4
Stealth        | |  2.1
Spellcasting   | |  2.0
Transmutations | |  0.7

Action                     |  1- 3 |  4- 6 |  7- 9 | 10-12 | 13-15 || total
---------------------------+-------+-------+-------+-------+-------++-------
  Melee: Mace              |     1 |       |       |       |       ||     1
         Staff             |       |       |       |   114 |   150 ||   264
         Punch             |       |       |       |     1 |       ||     1
         Unarmed           |       |       |       |       |    13 ||    13
  Throw: Stone             |     1 |       |       |       |       ||     1
         Dart              |       |       |     2 |     2 |       ||     4
   Cast: Sandblast         |    46 |    55 |   113 |   267 |   282 ||   763
         Stone Arrow       |       |       |       |    44 |    96 ||   140
 Invoke: Slouch            |       |       |       |     2 |     2 ||     4
  Evoke: Wand              |       |     2 |       |    19 |    13 ||    34
    Use: Scroll            |     5 |     4 |    11 |     8 |    12 ||    40
         Potion            |       |     1 |       |     8 |    13 ||    22
 Armour: Robe              |     4 |     4 |    12 |       |       ||    20
         Steam dragon scal |       |       |    13 |   151 |    40 ||   204
         Ring mail         |       |       |       |       |   126 ||   126
         Skin              |       |       |       |       |    18 ||    18
  Dodge: Dodged            |     5 |     8 |    26 |   134 |   183 ||   356
  Block: Other             |       |     5 |    13 |    38 |       ||    56
         Reflection        |       |     1 |     2 |    10 |    20 ||    33
         Kite shield       |       |       |       |   136 |   385 ||   521
         Orb               |       |       |       |     7 |       ||     7

Table legend: (Time is in decaauts)
 A = Elapsed time spent in this place.
 B = Non-inter-level travel time spent in this place.
 C = Inter-level travel time spent in this place.
 D = Time resting spent in this place.
 E = Time spent auto-exploring this place.
 F = Levels seen in this place.
 G = Mean time per level.
                   A        B        C        D        E       F      G
               +--------+--------+--------+--------+--------+-----+--------+
         Total |  29356 |  27121 |   2235 |   2137 |  21118 |  20 | 1467.8 |
       Dungeon |  19974 |  18301 |   1673 |   1467 |  14281 |  13 | 1536.5 |
        Temple |     48 |     31 |     17 |      0 |     18 |   1 |   48.0 |
          Lair |   8627 |   8083 |    544 |    670 |   6368 |   5 | 1725.4 |
        Bailey |    706 |    706 |      0 |      0 |    450 |   1 |  706.0 |
               +--------+--------+--------+--------+--------+-----+--------+

Top non-repeatable levels by time:
    D:11: 3169 daAuts
    D:10: 2560 daAuts
  Lair:4: 2242 daAuts
     D:8: 2206 daAuts
  Lair:3: 2142 daAuts
     D:6: 2121 daAuts
  Lair:2: 2119 daAuts
  Lair:1: 2108 daAuts
    D:12: 1813 daAuts
     D:9: 1559 daAuts
     D:4: 1306 daAuts
     D:7: 1276 daAuts
     D:1: 1108 daAuts
     D:2: 886 daAuts
     D:3: 804 daAuts
